Map: Winter's Gate LE

Players

Neitos

  • Race: Zerg Zerg
  • League: Master
  • Spawn Location: 5:00

Mez - Winner!

  • Race: Terran Terran
  • League: Master
  • Spawn Location: 11:00

VOD

Have the link to the VOD?

Description

Time

  • Played on: Sept. 5, 2019, 5:46 a.m.
  • Length: 14:09
Show
View Real Time Build Order
Export as new Build Order

Neitos Zerg 

Build Orders: Pool First 

Get SALT Encoding   

  12  0:01  Drone  
  13  0:14  Overlord  
  13  0:16  Drone  
  14  0:32  Drone x2  
  16  0:36  Drone  
  17  0:45  Spawning Pool  
  17  0:48  Drone  
  17  1:08  Hatchery  
  16  1:12  Drone  
  17  1:32  Zergling x6, Queen  
  22  1:43  Overlord  
  22  1:57  Extractor  
  22  1:58  Drone  
  22  2:04  Drone  
  23  2:09  Queen  
  25  2:25  Drone x2  
  25  2:29  Drone  
  27  2:33  Drone  
  27  2:37  Drone  
  28  2:39  Drone  
  28  2:40  Drone  
  28  2:41  Queen, Drone  
  32  2:46  Overlord  
  32  2:53  Drone x2  
  32  2:58  Roach Warren  
  33  2:59  Overlord  
  33  3:04  Extractor  
  33  3:05  Extractor  
  31  3:13  Drone x2  
  31  3:17  Drone  
  34  3:22  Drone x3  
  37  3:38  Spore Crawler  
  37  3:40  Roach x2  
  37  3:41  Spore Crawler, Roach  
  43  3:54  Drone x4  
  43  3:55  Drone x4  
  51  3:59  Lair  
  51  4:23  Overlord  
  51  4:24  Overlord  
  51  4:35  Evolution Chamber  
  51  4:36  Spore Crawler  
  51  4:37  Hatchery  
  51  4:38  Spore Crawler  
  47  4:40  Evolution Chamber  
  47  4:44  Ravager  
  47  4:45  Roach x4  
  55  4:48  Ravager  
  55  4:49  Ravager  
  57  5:07  Zerg Ground Armor Level 1, Zerg Melee Weapons Level 1  
  57  5:18  Drone x2  
  56  5:22  Glial Reconstitution  
  56  5:26  Infestation Pit  
  56  5:28  Drone x5  
  58  5:31  Drone x2  
  58  5:34  Overlord  
  60  5:45  Extractor  
  60  5:46  Drone  
  60  5:52  Drone x3  
  60  5:54  Drone x3  
  60  5:55  Drone  
  60  5:56  Drone x2  
  69  6:05  Overseer  
  69  6:11  Drone  
  69  6:12  Drone x4  
  69  6:14  Pathogen Glands  
  74  6:29  Overlord  
  74  6:31  Overlord  
  74  6:34  Pneumatized Carapace, Hive  
  74  6:48  Overlord  
  74  6:52  Infestor x2  
  74  6:53  Infestor  
  80  6:57  Drone  
  80  6:58  Overlord x2, Drone  
  80  7:00  Extractor  
  80  7:01  Drone  
  82  7:02  Drone, Extractor  
  82  7:05  Zerg Melee Weapons Level 2  
  82  7:25  Spore Crawler  
  81  7:31  Roach  
  81  7:32  Roach x11  
  103  7:48  Overlord  
  103  7:49  Overlord x2  
  97  7:59  Roach x3  
  85  8:08  Roach x2  
  85  8:10  Roach x3  
  85  8:12  Roach x3  
  91  8:13  Roach x2  
  91  8:14  Roach, Drone  
  91  8:19  Ultralisk Cavern  
  97  8:30  Drone x5  
  97  8:31  Hatchery  
  97  8:33  Queen  
  103  8:34  Overlord x2  
  103  8:37  Infestor  
  103  8:38  Infestor  
  107  8:48  Spine Crawler  
  107  8:53  Spine Crawler  
  107  8:54  Zerg Ground Armor Level 2  
  103  9:22  Roach  
  103  9:23  Ultralisk x2  
  117  9:24  Roach x3  
  117  9:25  Roach x4  
  117  9:30  Drone  
  117  9:31  Drone x3  
  133  9:50  Chitinous Plating, Zerg Melee Weapons Level 3  
  133  9:59  Ultralisk  
  139  10:00  Overlord  
  139  10:08  Drone x5  
  142  10:19  Spore Crawler  
  142  10:21  Spore Crawler, Drone  
  140  10:22  Drone x6  
  140  10:25  Infestor  
  140  10:28  Drone  
  141  10:29  Drone  
  141  10:30  Drone  
  142  10:56  Spore Crawler  
  141  10:58  Drone x11  
  141  11:00  Extractor  
  141  11:01  Extractor  
  150  11:13  Zerg Ground Armor Level 3  
  150  11:14  Spire  
  150  11:15  Anabolic Synthesis  
  149  11:36  Overlord x3  
  147  11:50  Ultralisk x2  
  147  11:58  Ultralisk x2  
  159  12:05  Ultralisk  
  125  12:28  Ultralisk x3  
  125  12:29  Zergling x10  
  126  12:41  Infestor  
  128  12:47  Corruptor  
  130  12:51  Corruptor, Hatchery  
  131  13:00  Corruptor  
  131  13:01  Corruptor  
  132  13:15  Ultralisk  
  130  13:28  Ultralisk  
Show
View Real Time Build Order
Export as new Build Order

Mez Terran - Winner!

Build Orders: Liberator Opening, Reaper Expand 

Get SALT Encoding   

  12  0:00  SCV  
  13  0:12  SCV  
  14  0:17  Supply Depot  
  14  0:25  SCV  
  15  0:38  SCV  
  15  0:40  Barracks  
  16  0:44  Refinery  
  16  0:50  SCV  
  17  1:03  SCV  
  18  1:15  SCV  
  19  1:28  Orbital Command, Reaper  
  20  1:40  Command Center  
  20  1:49  Supply Depot  
  20  1:54  SCV  
  21  2:02  Marine  
  22  2:11  SCV  
  22  2:12  Factory, Refinery  
  23  2:28  Barracks Reactor  
  23  2:31  SCV  
  24  2:46  SCV  
  24  3:00  Starport  
  25  3:07  Orbital Command  
  28  3:12  Hellion  
  28  3:13  SCV, Hellion  
  28  3:16  Barracks Tech Lab  
  29  3:25  SCV  
  30  3:30  Supply Depot  
  30  3:32  Liberator  
  30  3:34  Hellion x2  
  34  3:37  SCV  
  34  3:40  SCV  
  36  3:49  SCV  
  36  3:50  Marine  
  36  3:52  SCV  
  42  3:58  Supply Depot  
  42  3:59  Hellion  
  42  4:00  Hellion  
  42  4:02  SCV  
  47  4:04  SCV  
  48  4:16  Bunker  
  49  4:27  Supply Depot  
  47  4:39  Siege Tank  
  47  4:41  Marine x2  
  47  4:42  Starport Reactor  
  47  4:44  SCV x2  
  54  4:46  Barracks  
  54  4:47  Barracks  
  54  4:50  Supply Depot  
  54  4:53  Command Center  
  54  4:58  SCV x2  
  54  5:04  Marine x2  
  57  5:14  SCV x2  
  51  5:26  Marine x2  
  50  5:33  SCV x2  
  49  5:38  Starport Reactor  
  49  5:39  Factory Tech Lab  
  49  5:45  SCV x2  
  49  5:49  Marine, Refinery x2  
  51  5:50  Marine x3, Engineering Bay x2  
  51  5:51  Marine, Stimpack  
  56  5:57  Siege Tank  
  56  5:59  SCV  
  56  6:00  SCV  
  56  6:03  Barracks  
  61  6:04  Barracks  
  61  6:07  Orbital Command  
  61  6:14  Marine x5  
  66  6:21  Terran Infantry Weapons Level 1  
  66  6:22  Terran Infantry Armor Level 1  
  66  6:24  Medivac  
  68  6:27  Medivac  
  68  6:30  SCV x2  
  68  6:31  Marine  
  73  6:37  Siege Tank  
  73  6:38  Marine  
  73  6:39  Marine x3, Orbital Command  
  80  6:49  Marine  
  80  6:53  Barracks Reactor  
  81  6:54  Barracks Reactor  
  81  7:04  SCV x2  
  81  7:05  SCV  
  81  7:06  Marine x4  
  81  7:07  Marine  
  81  7:08  Medivac x2  
  93  7:24  Supply Depot  
  93  7:25  Supply Depot  
  93  7:26  Supply Depot  
  93  7:28  Supply Depot  
  93  7:31  Combat Shield  
  93  7:39  SCV  
  93  7:45  Siege Tank, SCV x2  
  91  7:54  Marine x4  
  91  7:56  Marine x2  
  91  7:57  Marine x3  
  89  7:58  Medivac x2  
  83  8:08  Barracks  
  83  8:09  Command Center  
  83  8:10  Barracks  
  83  8:11  Barracks  
  83  8:12  Marine x3  
  76  8:13  SCV x3  
  76  8:18  Siege Tank  
  76  8:19  Marine x3  
  86  8:25  SCV x2  
  88  8:38  Marine x8  
  88  8:40  SCV x3  
  103  8:52  SCV x3, Armory  
  103  8:56  Marine  
  103  8:57  Factory  
  103  8:58  Marine  
  103  8:59  Marine x6  
  103  9:01  Barracks Tech Lab  
  103  9:02  Barracks Tech Lab  
  110  9:11  Barracks Tech Lab  
  110  9:13  Marine  
  111  9:18  Marine x5  
  111  9:19  Siege Tank  
  111  9:21  Medivac x2  
  118  9:33  Refinery x2  
  118  9:34  Marine x2  
  118  9:36  Marine, Marauder  
  118  9:37  Marine x4, Marauder x3  
  133  9:49  Marine  
  133  9:51  Factory Tech Lab, Siege Tank, Medivac  
  139  10:03  Marine  
  140  10:08  Marine, Supply Depot x2  
  140  10:09  Marine, Supply Depot x2, Planetary Fortress  
  140  10:10  Marine  
  140  10:28  SCV  
  140  10:29  Marine x2, Liberator x2  
  140  10:30  Siege Tank, SCV x2, Marauder x3  
  140  10:31  Marauder  
  155  10:42  SCV  
  153  10:45  Siege Tank  
  153  10:49  Refinery  
  146  10:51  Marauder x3, Refinery  
  146  10:52  Marauder  
  146  10:54  Marine x3  
  146  10:55  Marine x5  
  162  11:03  Siege Tank  
  165  11:17  SCV x2  
  167  11:20  SCV x2  
  167  11:23  Siege Tank  
  169  11:29  SCV x2  
  171  11:39  Marine  
  172  11:46  Marauder, Supply Depot  
  172  11:47  Marine, Supply Depot  
  172  11:50  Supply Depot  
  172  11:52  Liberator x2  
  172  12:07  Marine x2  
  172  12:08  Marauder x3  
  180  12:09  Marine x2  
  180  12:11  Marine x3, Siege Tank, Marauder  
  180  12:13  Marine, Terran Vehicle Weapons Level 1  
  161  12:25  Marine x2  
  161  12:26  Marine  
  161  12:29  Marauder x3  
  167  12:32  Marine  
  167  12:33  Marauder  
  167  12:34  Liberator  
  170  12:41  Starport  
  170  12:42  Starport  
  170  12:43  Command Center x2  
  170  12:47  Siege Tank  
  176  12:58  Liberator  
  176  13:05  Marine, Marauder x3  
  182  13:06  Marine x6  
  176  13:21  Siege Tank x2  
  151  13:36  Marauder x3  
  151  13:40  Marine x4  
  157  13:45  Marine  
  155  13:50  Starport Reactor, Starport Tech Lab  
  155  13:53  Fusion Core  
Tags
 
Add a new tag
Caveats
  • Supply blocks, unpowered buildings, or Contaminate may cause inaccurate times.
  • Supply counts are checked every 10 seconds.